 Dungeon Crawl Stone Soup version 0.30.1-6-gbe392663c4 (webtiles) character file.

Game seed: 17325318092702420157

600 monsoonserge the Conjurer (level 7, 0/6 (52) HPs)
             Began as a Demonspawn Reaver on Sept 22, 2023.
             Was a Follower of Kikubaaqudgha.
             Slain by a phantom (6 damage)
             ... on level 5 of the Dungeon.
             The game lasted 00:15:16 (4067 turns).

monsoonserge the Conjurer (Demonspawn Reaver)       Turns: 4067, Time: 00:15:17

HP:   0/6 (52)      AC: 10    Str: 12    XL:     7   Next: 18%
MP:   8/10          EV: 11    Int: 17    God:    Kikubaaqudgha [*.....]
Gold: 216           SH:  4    Dex: 11    Spells: 8/10 levels left

rFire   . . .        C - +1 rapier (protect)
rCold   . . .        (no shield)
rNeg    . . .        b - +0 leather armour
rPois   .            (no helmet)
rElec   .            (no cloak)
rCorr   .            (no gloves)
SInv    .            (no boots)
Will    .....        B - amulet of the acrobat
Stlth   ++           (no ring)
HPRegen 0.21/turn    (no ring)
MPRegen 0.12/turn

%: acrobat
@: under a protective aura, hasted, extremely drained, very quick
A: hooves 2, large bone plates 1, demonic magic 2
a: Renounce Religion, Unearth Wretches


You were on level 5 of the Dungeon.
You worshipped Kikubaaqudgha.
Kikubaaqudgha was aware of your devotion.
You visited 1 branch of the dungeon, and saw 5 of its levels.

You collected 216 gold pieces.

Inventory:

Hand Weapons
 a - a +0 mace
 e - a +2 dagger of protection
 A - a +3 sling
 C - a +1 rapier of protection (weapon)
Missiles
 p - 10 poisoned darts (quivered)
 u - 15 stones
 D - 3 boomerangs
Armour
 b - a +0 leather armour (worn)
 i - a +0 ring mail
Magical Staves
 x - a staff of conjuration
 y - a staff of death
Jewellery
 B - an amulet of the acrobat (around neck)
Wands
 E - a wand of mindburst (7)
Scrolls
 g - a scroll of silence {unknown}
 h - 6 scrolls of teleportation {unknown}
 j - 6 scrolls of identify {unknown}
 k - a scroll of fog {unknown}
 l - a scroll of torment {unknown}
 m - 2 scrolls of magic mapping {unknown}
 q - a scroll of poison {unknown}
 r - 2 scrolls of enchant armour {unknown}
 t - 2 scrolls of enchant weapon {unknown}
 w - a scroll of immolation {unknown}
 F - a scroll of vulnerability {unknown}
Potions
 c - a potion of flight
 d - 2 potions of attraction
 f - a potion of might {unknown}
 n - a potion of invisibility {unknown}
 o - a potion of haste
 s - a potion of heal wounds
 v - 2 potions of cancellation
 z - a potion of mutation {unknown}


   Skills:
 + Level 3.1 Fighting
 + Level 3.6 Short Blades
 - Level 3.0 Maces & Flails
 + Level 0.3 Throwing
 + Level 3.1 Armour
 - Level 2.0 Dodging
 + Level 2.1 Stealth
 - Level 2.0 Spellcasting
 + Level 3.8 Conjurations
 * Level 2.1 Necromancy


You had 8 spell levels left.
You knew the following spells:

 Your Spells              Type           Power      Damage    Failure   Level
a - Kiss of Death         Conj/Necr      44%        2d8       8%          1
b - Necrotise             Necr           36%        1d5       10%         1

Your spell library contained the following spells:

 Spells                   Type           Power      Damage    Failure   Level
 Momentum Strike          Conj/Tloc      16%        3d8       17%         2
 Sandblast                Erth           2%         2d4       24%         1
 Cigotuvi's Dreadful Rot  Necr/Pois/Air  8%         N/A       28%         2
 Vampiric Draining        Necr           9%         2d6       30%         3
 Hailstorm                Conj/Ice       8%         3d4       34%         3
 Stone Arrow              Conj/Erth      16%        3d8       34%         3
 Ensorcelled Hibernation  Hex/Ice        2%         N/A       36%         2
 Passwall                 Tmut/Erth      0%         N/A       36%         2
 Scorch                   Fire           2%         2d5       36%         2
 Frozen Ramparts          Ice            2%         1d1       58%         3
 Swiftness                Air            1%         N/A       58%         3
 Animate Dead             Necr           9%         N/A       69%         4
 Flame Wave               Conj/Fire      8%         2d5       75%         4
 Cause Fear               Hex            0%         N/A       94%         4
 Ice Form                 Ice/Tmut       1%         N/A       94%         4
 Summon Ice Beast         Ice/Summ       1%         N/A       94%         4
 Summon Cactus Giant      Summ           0%         N/A       100%        6
 Dragon Form              Tmut           0%         N/A       100%        7
 Dragon's Call            Summ           0%         N/A       100%        9


Dungeon Overview and Level Annotations

Branches:
Dungeon (5/15)
 Temple: D:4-7

Altars:
Fedhas
Kikubaaqudgha
Sif Muna
Wu Jian
Xom

Shops:
D:1 (


Innate Abilities, Weirdness & Mutations

You have hoof-like feet.
You are partially covered in large bone plates. (SH +4)
Spells you cast may paralyse nearby enemies.


Message History

You feel drained. Malevolent energies surge around you. The phantom hits you.
Casting: Kiss of Death (safe; 8% risk of failure)
Confirm with . or Enter, or press ? or * to list all spells.
Aiming: Kiss of Death (safe; 8% risk of failure)
Press: ? - help, Shift-Dir - straight line, f/p - phantom
Aim: a phantom (100% to hit)
The negative energy hits the phantom.
The phantom completely resists.
You feel drained. Malevolent energies surge around you.
The phantom hits you but does no damage.
It was a potion of cancellation.
You feel magically purged. The phantom closely misses you.
It was a potion of haste.
You feel yourself speed up. You block the phantom's attack.
You hit the phantom but do no damage.
Your weapon exudes an aura of protection.
Your kick misses the phantom. You punch the phantom.
The phantom is lightly damaged.
The phantom hits you but does no damage.
You hit the phantom. You kick the phantom, but do no damage.
The phantom is moderately damaged.
The phantom hits you but does no damage.
You barely miss the phantom.
The phantom is moderately damaged.
You hit the phantom.
The phantom is moderately damaged.
You block the phantom's attack.
You miss the phantom.
The phantom is moderately damaged.
The phantom hits you but does no damage.
You closely miss the phantom. You kick the phantom.
The phantom is heavily damaged.
You completely miss the phantom. You kick the phantom.
The phantom is heavily damaged.
The phantom hits you but does no damage.
You hit the phantom. Your kick misses the phantom.
The phantom is severely damaged.
The phantom hits you.
Ouch! That really hurt!
You die...
Kikubaaqudgha rasps: "You have failed me!
Welcome... death!"

#####.# #.W...#
#@# #.# #.# ##.#
#..# #.##### .#
#.##.. ..# #.##.#
#..#
#.##.#####..#####


You could see a phantom.

Vanquished Creatures
  Duvessa (D:5)
  A phantom (D:5)
  2 scorpions (D:5)
  Dowan (D:5)
  A jelly (D:4)
  An orc priest (D:5)
  A sleepcap (D:5)
  An orc wizard (D:5)
  3 gnolls (D:5)
  3 adders
  4 dart slugs
  8 orcs (D:5)
  3 bats
  11 endoplasms
  3 giant cockroaches
  5 goblins
  3 hobgoblins
  2 jackals (D:1)
  3 quokkas
  8 ball pythons
  4 frilled lizards
  7 kobolds
  6 rats
82 creatures vanquished.

Vanquished Creatures (others)
  A human (D:4)
1 creature vanquished.

Grand Total: 83 creatures vanquished

Notes
Turn   | Place    | Note
-------+----------+-------------------------------------------
     0 | D:1      | monsoonserge the Demonspawn Reaver began the quest for the
                  | Orb.
     0 | D:1      | Reached XP level 1. HP: 16/16 MP: 3/3
    85 | D:1      | Found Ginehigo's Antique Weapon Boutique.
   305 | D:1      | Gained mutation: Spells you cast may paralyse adjacent
                  | enemies. [demonic ancestry]
   305 | D:1      | Reached XP level 2. HP: 16/22 MP: 5/5
   406 | D:1      | You fall into a shaft and drop 1 floor!
   566 | D:2      | Gained mutation: You are partially covered in large bone
                  | plates. (SH +4) [demonic ancestry]
   566 | D:2      | Reached XP level 3. HP: 25/27 MP: 6/6
  1086 | D:1      | Reached skill level 1 in Short Blades
  1750 | D:2      | Gained mutation: Spells you cast may paralyse nearby
                  | enemies. [demonic ancestry]
  1750 | D:2      | Reached XP level 4. HP: 27/33 MP: 7/7
  2144 | D:3      | Reached skill level 1 in Armour
  2834 | D:4      | Found an ornate altar of the Wu Jian Council.
  2836 | D:4      | Found a shimmering altar of Xom.
  2838 | D:4      | Found a shimmering blue altar of Sif Muna.
  2903 | D:4      | Found a blossoming altar of Fedhas.
  3054 | D:4      | Found an ancient bone altar of Kikubaaqudgha.
  3055 | D:4      | Noticed a human
  3058 | D:4      | Became a worshipper of Kikubaaqudgha
  3060 | D:4      | Killed a human
  3086 | D:5      | Entered Level 5 of the Dungeon
  3088 | D:5      | Noticed a scorpion
  3094 | D:5      | Killed a scorpion
  3095 | D:5      | Reached skill level 1 in Stealth
  3095 | D:5      | Reached XP level 5. HP: 20/30 MP: 5/8
  3167 | D:5      | Noticed a phantom
  3272 | D:5      | Killed a phantom
  3273 | D:5      | Reached skill level 1 in Necromancy
  3273 | D:5      | Gained mutation: You have large cloven feet. [demonic
                  | ancestry]
  3273 | D:5      | Reached XP level 6. HP: 13/38 MP: 7/9
  3524 | D:5      | Noticed Duvessa
  3533 | D:5      | Noticed Dowan
  3541 | D:5      | Killed Dowan
  3550 | D:5      | Killed Duvessa
  3784 | D:5      | Gained mutation: You have hoof-like feet. [demonic
                  | ancestry]
  3784 | D:5      | Reached XP level 7. HP: 19/25 MP: 10/10
  3910 | D:5      | Reached * piety under Kikubaaqudgha
  3910 | D:5      | Received a gift from Kikubaaqudgha
  3917 | D:5      | Learned a level 1 spell: Necrotise
  4067 | D:5      | Slain by a phantom

Illustrated notes

Levels and vault maps discovered:
D:1:      ebering_hopf_link, layout_basic, serial_shops, shop
D:2:      layout_loops_corners, kennysheep_generic_room_4
D:3:      layout_loops_cross
D:4:      layout_gridville, tgw_kikubaaqudgha, grunt_temple_overflow_open,
          fedhas_altar_1, chequers_serial_rivers_micro_a
D:5:      layout_loops_cross, uniq_duvessa

Skill      XL: |  1  2  3  4  5  6  7 |
---------------+----------------------+-----
Maces & Flails | 3 |  3.0
Short Blades   | 1 2 3 |  3.6
Dodging        | 2 |  2.0
Armour         | 2 3 |  3.1
Stealth        | 1 2 |  2.1
Necromancy     | 1 2 |  2.1
Fighting       | 3 |  3.1
Throwing       | |  0.3
Spellcasting   | |  2.0
Conjurations   | |  3.8

Action                     |  1- 3 |  4- 6 |  7- 9 || total
---------------------------+-------+-------+-------++-------
  Melee: Mace              |    21 |       |       ||    21
         Dagger            |   150 |   183 |       ||   333
         Punch             |     2 |     3 |     2 ||     7
         Kick              |       |    20 |    14 ||    34
         Rapier            |       |     7 |    37 ||    44
  Throw: Dart              |       |     5 |       ||     5
   Cast: Kiss of Death     |       |    12 |     3 ||    15
    Use: Potion            |       |     4 |     2 ||     6
   Stab: Paralysed         |       |     7 |       ||     7
 Armour: Leather armour    |    58 |    49 |     9 ||   116
  Dodge: Dodged            |    82 |    79 |    14 ||   175
  Block: Other             |    22 |    24 |     5 ||    51
